 Dungeon Crawl Stone Soup version 0.24-a0-307-gf989941d98 (webtiles) character file.

Game seed: 9825031084164840441

25156 MachJacob the Zephyrmancer (level 12, -8/101 HPs)
             Began as a Red Draconian Air Elementalist on May 13, 2019.
             Was an Elder of Makhleb.
             Mangled by a four-headed hydra (9 damage)
             ... on level 3 of the Lair of Beasts.
             The game lasted 01:23:44 (27619 turns).

MachJacob the Zephyrmancer (DrAE)                  Turns: 27619, Time: 01:23:44

Health: -8/101     AC: 10    Str: 16    XL:     12   Next: 87%
Magic:  25/25      EV: 14    Int: 19    God:    Makhleb [****..]
Gold:   851        SH:  5    Dex: 11    Spells: 12/30 levels left

rFire    + . .     SeeInvis .   a - +8 quick blade
rCold    . . .     Gourm    .   x - +1 buckler
rNeg     . . .     Faith    .   (armour unavailable)
rPois    .         Spirit   .   (helmet restricted)
rElec    .         Reflect  .   H - +0 cloak
rCorr    .         Harm     .   v - +0 pair of gloves
MR       .....                  (no boots)
Stlth    ++........             (no amulet)
HPRegen  0.26/turn              G - +3 ring of strength
MPRegen  0.19/turn              J - +6 ring of slaying

@: about to teleport, starving
A: breathe fire, unfitting armour, fire resistance 1, cold-blooded, AC +8
a: Breathe Fire, Minor Destruction, Lesser Servant of Makhleb, Major
Destruction, Renounce Religion


You were on level 3 of the Lair of Beasts.
You worshipped Makhleb.
Makhleb was greatly pleased with you.
You were starving.

You visited 3 branches of the dungeon, and saw 16 of its levels.
You also visited: Sewer.

You collected 851 gold pieces.

Inventory:

Hand Weapons
 a - a +8 quick blade (weapon)
 i - the +6 arbalest "Putel" {elec, rElec rPois rC- Int+6}
   (You found it on level 5 of the Dungeon)

   It charges the ammunition it shoots with electricity; occasionally upon a
   hit, such missiles may discharge and cause terrible harm.
   It affects your intelligence (+6).
   It makes you vulnerable to cold.
   It insulates you from electricity.
   It protects you from poison.
Missiles
 d - 245 stones (quivered)
Armour
 v - a +0 pair of gloves (worn)
 x - a +1 buckler (worn)
 H - a +0 cloak (worn)
Magical Staves
 F - an uncursed staff of cold
 L - an uncursed staff of fire
Jewellery
 C - the ring of Sodgheqil {Fire Int+3}
   (You found it on level 7 of the Dungeon)

   [ring of fire]

   It enhances your fire magic.
   It affects your intelligence (+3).
   It protects you from fire.
   It makes you vulnerable to cold.
 G - a +3 ring of strength (left hand)
 J - a +6 ring of slaying (right hand)
 K - a cursed ring of attention {unknown}
Wands
 h - a wand of scattershot (6)
 p - a wand of acid (7)
 w - a wand of random effects (41)
 z - a wand of digging (6)
Scrolls
 k - 2 scrolls of random uselessness
 q - 3 scrolls of immolation
 s - 5 scrolls of amnesia
 t - a scroll of magic mapping
 y - a scroll of teleportation
 A - 2 scrolls of enchant armour
 B - 2 scrolls of identify
 D - 5 scrolls of remove curse
Potions
 c - 2 potions of haste
 e - 2 potions of mutation
 f - 2 potions of magic
 g - 8 potions of heal wounds
 j - 2 potions of brilliance
 l - 8 potions of flight
 m - 2 potions of agility
 n - 6 potions of curing
 o - 3 potions of ambrosia
 r - 4 potions of might
 u - 2 potions of invisibility
 E - 2 potions of berserk rage
 I - a potion of cancellation
 N - a potion of lignification
Miscellaneous
 M - a fan of gales
Comestibles
 b - 19 rations


   Skills:
 + Level 8.0 Fighting
 - Level 6.0 Dodging
 - Level 1.7 Stealth
 - Level 4.0 Shields
 * Level 9.5 Spellcasting
 - Level 10.0 Conjurations
 - Level 10.0 Fire Magic
 - Level 10.0 Air Magic
 + Level 4.4 Invocations


You had 12 spell levels left.
You knew the following spells:

 Your Spells              Type           Power        Failure   Level  Hunger
a - Shock                 Conj/Air       ####         1%          1    None
b - Static Discharge      Conj/Air       #####...     1%          3    None
c - Airstrike             Air            #####.....   1%          4    ###....
d - Lightning Bolt        Conj/Air       #####.....   3%          5    #####..
z - Fireball              Conj/Fire      #####.....   3%          5    #####..

Your spell library contained the following spells:

 Spells                   Type           Power        Failure   Level  Hunger
 Flame Tongue             Conj/Fire      #####        1%          1    None
 Swiftness                Chrm/Air       ####....     1%          2    None
 Throw Flame              Conj/Fire      #####.       1%          2    None
 Conjure Flame            Conj/Fire      #####...     1%          3    None
 Sticky Flame             Conj/Fire      #####...     1%          4    ###....
 Dazzling Spray           Conj/Hex       ####..       3%          3    None
 Inner Flame              Hex/Fire       ####....     3%          3    None
 Corona                   Hex            #......      8%          1    None
 Ensorcelled Hibernation  Hex/Ice        #.....       12%         2    None
 Confuse                  Hex            #.......     24%         3    None
 Tukima's Dance           Hex            #.......     24%         3    None
 Ignition                 Fire           #####.....   100%        8    #######
 Shatter                  Erth           #.........   100%        9    #######
 Tornado                  Air            #####.....   100%        9    #######


Dungeon Overview and Level Annotations

Branches:
Dungeon (11/15)            Temple (1/1) D:6            Lair (4/6) D:9
    Orc (0/2) D:10
  Swamp: Lair:2-4    Shoals: Lair:2-4     Snake: Lair:2-4    Spider: Lair:2-4

Altars:
Ashenzari
Cheibriados
Dithmenos
Elyvilon
Fedhas
Gozag
Hepliaklqana
Kikubaaqudgha
Makhleb
Nemelex Xobeh
Okawaru
Qazlal
Ru
Sif Muna
Trog
Uskayaw
Vehumet
Wu Jian
Xom
Yredelemnul
Zin
The Shining One
Beogh

Shops:
D:10 (

Annotations:
D:5 Sigmund
D:6 4 runed translucent doors
D:8 3 runed translucent doors, Harold; Redear's ghost, novice DDFi
D:10 3 exclusions
Lair:2 exclusion: oklob plant


Innate Abilities, Weirdness & Mutations

You can breathe blasts of fire.
Your fiery red scales are hard. (AC +8)
You cannot fit into any form of body armour.
Your flesh is heat resistant. (rF+)
You are cold-blooded and may be slowed by cold attacks.


Message History

The floor.
Okay, then.
You see here a bone whip.
The four-headed hydra closely misses you.
The four-headed hydra bites you!
* * * LOW HITPOINT WARNING * * *
You block the four-headed hydra's attack.
The four-headed hydra bites you but does no damage.
The four-headed hydra bites you!
* * * LOW HITPOINT WARNING * * *
The four-headed hydra bites you!
* * * LOW HITPOINT WARNING * * *
You block the four-headed hydra's attack.
The four-headed hydra barely misses you.
Okay, then.
As you read the scroll of teleportation, it crumbles to dust.
You feel strangely unstable. The four-headed hydra bites you!
* * * LOW HITPOINT WARNING * * *
The four-headed hydra bites you!
You die...

##..#....## ###...##
##.......## ###.##.#
##.....<..### #...####
##...........## ##...#
# #.............#
#.#.## ##
##.............##
#...## #.
#.#.............#
##...# ##
##..............##
#..### #
###........D@...## #..#
#..............####.P#
#................#..##
##..............#..##
#...............#..#
###............#...##
####..........P.#.#####
####.........##....###
###
#.##..............#.


You could see a four-headed hydra.

Vanquished Creatures
  2 hydras
  An unseen horror (D:10)
  Joseph (D:8)
  Psyche (D:9)
  3 spiny frogs
  3 rime drakes (Lair:3)
  5 komodo dragons
  2 kobold demonologists (D:7)
  A polar bear (Lair:3)
  3 trolls
  12 blink frogs
  A hornet (D:10)
  Prince Ribbit (D:5)
  3 hippogriffs
  2 wyverns
  31 yaks
  2 basilisks
  A human (D:7)
  4 hogs (D:7)
  2 hungry ghosts
  5 water moccasins
  5 orc warriors
  10 porcupines
  4 ice beasts
  4 sky beasts
  A black bear (D:5)
  6 phantoms
  7 ogres
  9 centaurs
  6 crocodiles
  3 big kobolds
  21 bullfrogs
  A wyvern skeleton (D:11)
  3 killer bees (D:9)
  7 electric eels
  13 wights
  4 crimson imps
  2 howler monkeys
  A bullfrog zombie (D:5)
  3 quasits
  3 centaur skeletons
  2 centaur zombies
  2 orc priests (D:10)
  3 bullfrog skeletons
  8 hounds
  2 jellies
  2 iguanas
  10 worker ants
  8 orc wizards
  A hound zombie (D:6)
  A hound skeleton (D:7)
  8 adders
  5 shadow imps
  2 oozes
  2 adder zombies
  2 adder skeletons
  6 worms
  6 dart slugs
  6 leopard geckos
  37 orcs
  10 giant cockroaches
  7 goblins
  9 hobgoblins
  24 jackals
  2 ball pythons (Sewer)
  16 bats
  7 frilled lizards
  15 kobolds
  A leopard gecko skeleton (D:5)
  A quokka zombie (D:7)
  8 rats
  A fungus (Lair:2)
413 creatures vanquished.

Vanquished Creatures (others)
  A fungus (Lair:2)
  6 plants (Lair:2)
7 creatures vanquished.

Grand Total: 420 creatures vanquished

Notes
Turn   | Place    | Note
-------+----------+-------------------------------------------
     0 | D:1      | MachJacob the Draconian Air Elementalist began the quest
                  | for the Orb.
     0 | D:1      | Reached XP level 1. HP: 14/14 MP: 3/3
   274 | D:1      | Reached XP level 2. HP: 20/20 MP: 1/5
   930 | D:1      | Reached XP level 3. HP: 26/26 MP: 4/6
  1905 | D:1      | Learned a level 3 spell: Static Discharge
  2397 | D:2      | Reached XP level 4. HP: 33/33 MP: 1/7
  2819 | D:3      | Found a glowing drain.
  2964 | Sewer    | Entered a sewer
  4150 | D:3      | Reached XP level 5. HP: 38/38 MP: 1/8
  4821 | D:3      | Found a shimmering altar of Xom.
  4821 | D:3      | Found a shimmering altar of Xom.
  4822 | D:3      | Found a shimmering altar of Xom.
  4822 | D:3      | Found a shimmering altar of Xom.
  4823 | D:3      | Found a shimmering altar of Xom.
  4823 | D:3      | Found a shimmering altar of Xom.
  6050 | D:4      | Reached XP level 6. HP: 35/45 MP: 0/10
  6138 | D:4      | Learned a level 4 spell: Airstrike
  6738 | D:4      | Reached skill level 1 in Fighting
  6738 | D:4      | Reached skill level 5 in Air Magic
  7090 | D:5      | Entered Level 5 of the Dungeon
  7112 | D:5      | Noticed an ice beast
  7594 | D:5      | Noticed Prince Ribbit
  7614 | D:5      | Killed Prince Ribbit
  7614 | D:5      | Your scales start taking on a fiery red colour.
  7614 | D:5      | Reached XP level 7. HP: 50/53 MP: 2/12
  7614 | D:5      | Gained mutation: Your flesh is heat resistant. (rF+) [Red
                  | Draconian growth]
  7848 | D:5      | Found an ancient bone altar of Kikubaaqudgha.
  7855 | D:5      | Got a faintly glowing arbalest
  7966 | D:5      | Identified the +6 arbalest "Putel" {elec, rElec rPois rC-
                  | Int+6} (You found it on level 5 of the Dungeon)
  7997 | D:5      | Learned a level 5 spell: Lightning Bolt
  8018 | D:5      | Reached skill level 5 in Conjurations
  8071 | D:5      | Reached XP level 8. HP: 62/62 MP: 6/13
  8102 | D:5      | Noticed Sigmund
  9062 | D:6      | Found a staircase to the Ecumenical Temple.
  9068 | Temple   | Entered the Ecumenical Temple
  9387 | Temple   | Became a worshipper of Makhleb the Destroyer
  9572 | D:6      | Found a large runed translucent door.
  9572 | D:6      | Found a large runed translucent door.
  9574 | D:6      | Noticed a brown ugly thing
  9574 | D:6      | Noticed a troll
  9593 | D:6      | Noticed a troll
 10285 | D:6      | Reached XP level 9. HP: 63/71 MP: 5/15
 10383 | D:6      | Found a large runed translucent door.
 10383 | D:6      | Found a large runed translucent door.
 10947 | D:7      | Got a smoking glass ring
 10952 | D:7      | Identified the ring of Sodgheqil {Fire Int+3} (You found it
                  | on level 7 of the Dungeon)
 11627 | D:7      | Found a bloodstained altar of Trog.
 11744 | D:7      | Noticed a kobold demonologist
 11744 | D:7      | Noticed a kobold demonologist
 11848 | D:7      | Reached skill level 5 in Spellcasting
 11893 | D:7      | Reached * piety under Makhleb
 11893 | D:7      | Reached skill level 5 in Dodging
 12192 | D:7      | Noticed a smoke demon
 12912 | D:7      | Reached skill level 5 in Fighting
 13145 | D:7      | Reached XP level 10. HP: 30/81 MP: 0/18
 13708 | D:8      | Noticed Joseph
 13757 | D:8      | Killed Joseph
 14170 | D:8      | Found a sparkling altar of Nemelex Xobeh.
 14268 | D:8      | Found a basalt altar of Yredelemnul.
 14551 | D:8      | Found an iron altar of Okawaru.
 14552 | D:8      | Found a radiant altar of Vehumet.
 14690 | D:8      | Found a sacrificial altar of Ru.
 14690 | D:8      | Found a shattered altar of Ashenzari.
 14774 | D:7      | Noticed a rust devil
 14790 | D:7      | Noticed a rust devil
 14955 | D:7      | Reached skill level 1 in Shields
 15272 | D:8      | Found a sparkling altar of Nemelex Xobeh.
 15320 | D:8      | Noticed Harold
 15461 | D:8      | Found a runed translucent gate.
 15461 | D:8      | Found a runed translucent gate.
 15461 | D:8      | Found a runed translucent gate.
 15474 | D:8      | Noticed Redear's ghost (novice DDFi)
 16106 | D:9      | Learned a level 5 spell: Fireball
 16196 | D:9      | Reached ** piety under Makhleb
 16866 | D:9      | Noticed Psyche
 16872 | D:9      | Killed Psyche
 17036 | D:9      | Reached XP level 11. HP: 89/89 MP: 14/20
 17133 | D:9      | Found a staircase to the Lair.
 17330 | D:9      | Found a blossoming altar of Fedhas.
 17330 | D:9      | Found an ornate altar of the Wu Jian Council.
 17398 | D:10     | Entered Level 10 of the Dungeon
 17791 | D:10     | Noticed a yaktaur captain
 17820 | D:10     | Killed an unseen horror
 17943 | D:10     | Reached skill level 10 in Air Magic
 18135 | D:10     | Found Xoyveab's Antique Weapon Shoppe.
 18733 | D:10     | Noticed a deep elf mage
 18766 | D:10     | Reached skill level 1 in Fire Magic
 19047 | D:10     | Found a staircase to the Orcish Mines.
 19137 | D:10     | Found a roughly hewn altar of Beogh.
 19285 | D:10     | Reached skill level 10 in Conjurations
 19987 | D:11     | Noticed a seven-headed hydra
 20330 | D:11     | Reached *** piety under Makhleb
 20453 | D:11     | Reached skill level 5 in Fire Magic
 20812 | D:11     | Noticed a skeletal warrior
 20812 | D:11     | Noticed a skeletal warrior
 21020 | Lair:1   | Entered Level 1 of the Lair of Beasts
 22880 | Lair:2   | Reached XP level 12. HP: 96/96 MP: 16/23
 23043 | Lair:2   | Reached **** piety under Makhleb
 23608 | Lair:2   | Reached skill level 1 in Invocations
 24847 | Lair:3   | Noticed a six-headed hydra
 25056 | Lair:3   | Noticed a five-headed hydra
 25064 | Lair:3   | Killed a five-headed hydra
 25199 | Lair:3   | Reached skill level 10 in Fire Magic
 25357 | Lair:2   | Killed a six-headed hydra
 27178 | Lair:4   | Noticed an eight-headed hydra
 27180 | Lair:4   | Noticed a four-headed hydra
 27477 | Lair:4   | HP: 4/101 [four-headed hydra (16)]
 27520 | Lair:3   | HP: 5/101 [four-headed hydra (10)]
 27608 | Lair:3   | HP: 5/101 [four-headed hydra (15)]
 27619 | Lair:3   | HP: 1/101 [four-headed hydra (7)]
 27619 | Lair:3   | Mangled by a four-headed hydra

Levels and vault maps discovered:
D:1:      eino_arrival_cavern_b, layout_basic
D:2:      layout_rooms, patterned_corridor
D:3:      layout_basic, xom_redecorated, gup_sewer_entry_pipe
D:4:      layout_cave_pools, first_ration, corexii_hall_statues_x
D:5:      layout_loops_ring, basic_altar, kennysheep_generic_room_4,
          uniq_sigmund, uniq_prince_ribbit1
D:6:      layout_loops_ring, minmay_temple_entry_hall,
          minmay_hollow_rounded_squares
D:7:      layout_basic, bloody_trog, grunt_livestock, dk_noncrumbling_2,
          minmay_stone_trees_small, minmay_alternating_orb
D:8:      layout_loops_corners, nemelex_xobeh_ov_fountains_minmay,
          nicolae_overflow_hidden_temple,
          chequers_temple_overflow_statue_of_worship,
          gammafunk_ghost_necromancy, small_statue_intersection,
          nemelex_dance_club_becter, uniq_joseph, uniq_harold
D:9:      layout_irregular_city, gammafunk_temple_overflow_elements, uniq_psyche
D:10:     minmay_chopped_fan, layout_basic, minmay_orc_entry_temple_small,
          serial_shops, nicolae_shop_overgrown_old_shop
D:11:     layout_stronghold
Temple:   minmay_temple_forest_path
Lair:1:   layout_gridlike, nicolae_quartered_pool_little, serial_bayou_pond_e,
          dpeg_stationary_puzzle, serial_bayou_shore_b
Lair:2:   layout_small_grid, grunt_megastairs_5, serial_bayou_shore_a,
          infiniplex_staircase_pool, serial_bayou_shore_b
Lair:3:   layout_cave_pods
Lair:4:   layout_regular_city, elwin_shoals_entry_stream,
          spider_nest_entry_web_field, serial_bayou, serial_bayou_shore_b,
          serial_bayou_pond_b, serial_bayou_ford_a, serial_bayou_pond_b,
          minivault_19, grunt_forest_large_clearing_hut

Skill      XL: |  1  2  3  4  5  6  7  8  9 10 11 12 |
---------------+-------------------------------------+-----
Dodging        | 2 3 4 5 6 |  6.0
Conjurations   | 2 3 4 5 6 7 9 10 | 10.0
Air Magic      | 4 5 7 8 9 10 | 10.0
Spellcasting   | 3 4 5 6 7 9 |  9.5
Fighting       | 1 2 3 5 6 8 |  8.0
Shields        | 2 4 |  4.0
Fire Magic     | 7 10 | 10.0
Invocations    | 4 |  4.4
Stealth        | |  1.7

Action                   |  1- 3 |  4- 6 |  7- 9 | 10-12 || total
-------------------------+-------+-------+-------+-------++-------
Melee: Short sword       |     9 |       |       |       ||     9
       Dagger            |    12 |   130 |    18 |       ||   160
       Tailslap          |       |     9 |     5 |    19 ||    33
       Staff             |       |       |    20 |    11 ||    31
       Quick blade       |       |       |    13 |   150 ||   163
 Cast: Shock             |    97 |   240 |   222 |   552 ||  1111
       Static Discharge  |       |       |    33 |   112 ||   145
       Airstrike         |       |       |       |    25 ||    25
       Fireball          |       |       |       |    45 ||    45
       Lightning Bolt    |       |       |       |     4 ||     4
Invok: Major Destruction |       |       |       |     2 ||     2
       Lesser Servant of |       |       |       |     1 ||     1
 Abil: Breathe Fire      |       |       |    11 |    36 ||    47
  Use: Scroll            |       |    17 |     4 |     9 ||    30
       Potion            |       |       |     1 |     1 ||     2
  Eat: Chunk             |     6 |    17 |     6 |    50 ||    79
       Ration            |       |       |     5 |     5 ||    10
Armor: Skin              |    18 |   153 |    58 |    87 ||   316
Dodge: Dodged            |    34 |   231 |   117 |   171 ||   553
Block: Buckler           |       |       |    11 |    77 ||    88

Table legend:
 A = Non-vault XP
 B = Vault XP
 C = Vault XP percentage of total XP
 D = Non-vault monster count
 E = Vault monster count
 F = Vault count percentage of total count
                 A         B        C        D         E       F
            +---------+---------+-------+---------+---------+-------
      Total |   29890 |    6048 |  16.8 |     340 |      72 |  17.5
            +---------+---------+-------+---------+---------+-------
        D:1 |      70 |       0 |   0.0 |      35 |       0 |   0.0
        D:2 |      36 |       0 |   0.0 |      19 |       0 |   0.0
        D:3 |     198 |      11 |   5.3 |      33 |       5 |  13.2
        D:4 |     343 |       0 |   0.0 |      12 |       0 |   0.0
        D:5 |     676 |     268 |  28.4 |      19 |       1 |   5.0
        D:6 |    1050 |     682 |  39.4 |      13 |       9 |  40.9
        D:7 |    1776 |    2065 |  53.8 |      28 |      18 |  39.1
        D:8 |    1252 |     621 |  33.2 |      24 |       3 |  11.1
        D:9 |    2292 |     418 |  15.4 |      31 |       1 |   3.1
       D:10 |    2916 |    1415 |  32.7 |      19 |      13 |  40.6
       D:11 |    2100 |       0 |   0.0 |      25 |       0 |   0.0
     Lair:1 |    3846 |     110 |   2.8 |      20 |       2 |   9.1
     Lair:2 |    6052 |     243 |   3.9 |      29 |       1 |   3.3
     Lair:3 |    6460 |       0 |   0.0 |      29 |       0 |   0.0
     Lair:4 |     823 |     169 |  17.0 |       4 |       2 |  33.3
      Sewer |       0 |      46 | 100.0 |       0 |      17 | 100.0
            +---------+---------+-------+---------+---------+-------
